 Dungeon Crawl Stone Soup version 0.18.1-8-gdd0e5ea (webtiles) character file.

1472 Krapule the Ruffian (level 8, -1/69 HPs)
             Began as a Ghoul Fighter on May 30, 2016.
             Was an Initiate of Makhleb.
             Shot with a sling bullet by Joseph (7 damage)
             ... on level 7 of the Dungeon.
             The game lasted 00:17:59 (4684 turns).

Krapule the Ruffian (Ghoul Fighter)                 Turns: 4684, Time: 00:17:59

Health: -1/69      AC:  8    Str: 28    XL:     8   Next: 78%
Magic:  8/8        EV:  9    Int:  5    God:    Makhleb [......]
Gold:   382        SH: 10    Dex:  8    Spells: 0 memorised, 7 levels left

rFire  + . .     SeeInvis .       - Unarmed
rCold  + . .     Gourm    .     a - +0 scale mail
rNeg   + + +     Faith    .     b - +0 shield
rPois  ∞         Spirit   .     (no helmet)
rElec  .         Dismiss  .     o - +0 cloak {+Inv}
rCorr  .         Reflect  .     (no gloves)
SustAt .         Harm     +     (no boots)
MR     .....                    B - amulet of harm
Stlth  ..........               w - +3 ring of strength
                                v - ring of protection from fire

@: mighty, very slightly contaminated, rotting, invisible, not resistant to
hostile enchantments, extremely unstealthy
A: rotting body, claws 1, carnivore 3, cold resistance 1, negative energy
resistance 3, slow regeneration 1, torment resistance, unbreathing
a: Renounce Religion


You were on level 7 of the Dungeon.
You worshipped Makhleb.
Makhleb was noncommittal.
You were not hungry.

You visited 2 branches of the dungeon, and saw 8 of its levels.

You collected 382 gold pieces.

Inventory:

Armour
 a - a +0 scale mail (worn)
 b - a +0 shield (worn)
 o - a +0 cloak of invisibility (worn)
Jewellery
 n - an uncursed amulet of guardian spirit
 v - a ring of protection from fire (left claw)
 w - a +3 ring of strength (right claw)
 B - an amulet of harm (around neck)
Wands
 s - a wand of flame (24/48)
 C - a wand of polymorph (7/24)
 F - a wand of flame (26/48)
 I - a wand of lightning (11/15)
Scrolls
 e - a scroll of amnesia {unknown}
 f - a scroll of immolation {unknown}
 k - 2 scrolls of enchant armour {unknown}
 p - a scroll of fog {unknown}
 r - a scroll of fear {unknown}
 t - a scroll of teleportation {unknown}
 u - 3 scrolls of identify {unknown}
 y - 3 scrolls of remove curse
 z - 2 scrolls of blinking {unknown}
 D - 2 scrolls of noise {unknown}
 E - a scroll of enchant weapon {unknown}
 J - a scroll of holy word {unknown}
Potions
 g - a potion of invisibility
 h - 2 potions of heal wounds {unknown}
 i - a potion of berserk rage {unknown}
 j - 4 potions of curing {unknown}
 m - 2 potions of mutation {unknown}
 q - 2 potions of degeneration {unknown}
 A - 2 potions of haste {unknown}
 G - 2 potions of lignification {unknown}
 H - a potion of flight {unknown}
Comestibles
 d - 3 meat rations
 l - a royal jelly
 x - 2 slices of pizza
 K - 3 chunks of flesh


   Skills:
 + Level 5.5 Fighting
 + Level 4.6 Armour
 + Level 3.6 Dodging
 + Level 4.8 Shields
 * Level 6.7 Unarmed Combat
 * Level 2.1 Invocations


You had 7 spell levels left.
You didn't know any spells.

Dungeon Overview and Level Annotations

Branches:
Dungeon (7/15)             Temple (1/1) D:6

Altars:
Ashenzari
Elyvilon
Makhleb
Nemelex Xobeh
Okawaru
Ru
Sif Muna
Trog
Vehumet
Xom
Zin

Annotations:
D:3 Loading's ghost, amateur GrMo
D:6 Aquadorian's ghost, amateur GrFi
D:7 Joseph


Innate Abilities, Weirdness & Mutations

Your body is rotting away.
You thrive on raw meat.
You are immune to poison.
You have sharp fingernails.
You are carnivorous and can eat meat at any time.
Your flesh is cold resistant.
You are immune to negative energy.
You regenerate slowly when monsters are visible.
You are immune to unholy pain and torment.
You can survive without breathing.


Message History

* * * LOW HITPOINT WARNING * * *
Joseph unwields an uncursed quarterstaff.
Joseph wields a hunting sling.
Joseph shoots a sling bullet.
You block the sling bullet.
A howler monkey comes into view.
You see here a sling bullet.
The howler monkey howls!
Joseph shoots a sling bullet.
The sling bullet hits you.
* * * LOW HITPOINT WARNING * * *
You see here a sling bullet.
Joseph says, "It's nothing personal, but I have to kill you."
The howler monkey hoots and howls with incredible vigour!
Joseph shoots a sling bullet.
You block the sling bullet.
You see here a sling bullet.
Drink which item? (? for menu, Esc to quit)
It was a potion of invisibility.
You fade into invisibility!
You are very lightly contaminated with residual magic.
Joseph shoots a sling bullet.
The sling bullet hits you.
You die...

############
#.h.((@Jh..#
#J########.#
#@#
#.........#
#.#
#.#.......#
#.#
#.......#
#.#
#.......#
#@#
...<......
#.#
.#.>.....###
#.#
#.#.......#
#.# .# #.#
#.#
#.####.###
##........
#.........
#.#####.## #


You could see Joseph, a howler monkey and an ooze.

Vanquished Creatures
  An ice beast (D:7)
  3 phantoms
  A sky beast (D:6)
  An ogre (D:7)
  A centaur (D:7)
  A giant frog (D:5)
  A scorpion (D:5)
  A howler monkey (D:5)
  A centaur zombie (D:6)
  2 crimson imps
  A giant frog zombie (D:6)
  2 hounds
  An orc priest (D:4)
  A centaur skeleton (D:3)
  2 iguanas
  2 giant frog skeletons
  An orc wizard (D:4)
  8 worker ants
  4 adders
  A shadow imp (D:7)
  2 oozes
  3 worms
  4 dart slugs
  4 giant geckos
  6 orcs
  4 giant cockroaches
  5 goblins
  6 hobgoblins
  5 jackals
  A ball python (D:3)
  6 bats
  7 giant newts
  6 kobolds
  5 rats
100 creatures vanquished.

Notes
Turn   | Place    | Note
--------------------------------------------------------------
     0 | D:1      | Krapule the Ghoul Fighter began the quest for the Orb.
     0 | D:1      | Reached XP level 1. HP: 19/19 MP: 0/0
    86 | D:1      | Reached XP level 2. HP: 24/26 MP: 1/1
   126 | D:1      | Found a shattered altar of Ashenzari.
   573 | D:1      | Reached XP level 3. HP: 31/31 MP: 2/2
   934 | D:2      | Reached skill level 1 in Dodging
  1181 | D:2      | Reached XP level 4. HP: 40/40 MP: 3/3
  1756 | D:3      | Noticed Loading's ghost (amateur GrMo)
  1842 | D:3      | Reached skill level 3 in Unarmed Combat
  1990 | D:3      | Reached XP level 5. HP: 44/46 MP: 4/4
  2228 | D:4      | Found an iron altar of Okawaru.
  2297 | D:4      | Reached XP level 6. HP: 42/52 MP: 3/5
  2366 | D:4      | Found a radiant altar of Vehumet.
  2395 | D:4      | Reached skill level 4 in Unarmed Combat
  2752 | D:5      | Entered Level 5 of the Dungeon
  2923 | D:5      | Reached XP level 7. HP: 60/60 MP: 6/6
  3177 | D:5      | Reached skill level 5 in Unarmed Combat
  3756 | D:6      | Reached skill level 5 in Fighting
  3868 | D:6      | Reached XP level 8. HP: 68/68 MP: 7/7
  3975 | D:6      | Reached skill level 6 in Unarmed Combat
  4034 | D:6      | Found a staircase to the Ecumenical Temple.
  4069 | Temple   | Entered the Ecumenical Temple
  4094 | Temple   | Became a worshipper of Makhleb the Destroyer
  4225 | D:6      | Noticed Aquadorian's ghost (amateur GrFi)
  4356 | D:7      | Reached skill level 1 in Invocations
  4393 | D:7      | Found a bloodstained altar of Trog.
  4653 | D:7      | Noticed Joseph
  4684 | D:7      | Shot with a sling bullet by Joseph

Skill      XL: |  1  2  3  4  5  6  7  8 |
---------------+-------------------------+-----
Shields        | 3 4 |  4.8
Armour         | 3 4 |  4.6
Dodging        | 1 2 3 |  3.6
Unarmed Combat | 3 4 5 6 |  6.7
Fighting       | 4 5 |  5.5
Invocations    | 2 |  2.1

Action                   |  1- 3 |  4- 6 |  7- 9 || total
-------------------------+-------+-------+-------++-------
Melee: Unarmed           |   123 |   223 |   196 ||   542
Evoke: Wand              |       |       |     4 ||     4
  Use: Scroll            |       |     1 |       ||     1
       Potion            |       |       |     2 ||     2
  Eat: Chunk             |     3 |    12 |    14 ||    29
Armor: Scale mail        |    54 |    71 |    60 ||   185
Dodge: Dodged            |    21 |    48 |    44 ||   113
Block: Shield            |    55 |    77 |    68 ||   200
